 Dungeon Crawl Stone Soup version 0.20-a0-629-gc37eb77 (webtiles) character file.

174 polly the Shield-Bearer (level 5, -4/33 HPs)
             Began as a Gargoyle Fighter on Feb 11, 2017.
             Slain by Camoybot's ghost (22 damage)
             ... on level 3 of the Dungeon.
             The game lasted 00:02:00 (1483 turns).

polly the Shield-Bearer (Gargoyle Fighter)          Turns: 1483, Time: 00:02:01

Health: -4/33      AC: 11    Str: 20    XL:     5   Next: 54%
Magic:  5/5        EV:  8    Int:  9    God:
Gold:   99         SH:  9    Dex:  9    Spells: 4/4 levels left

rFire    . . .     SeeInvis .   a - +0 flail
rCold    . . .     Gourm    .   b - +0 scale mail
rNeg     + . .     Faith    .   c - +0 shield
rPois    ∞         Spirit   .   (no helmet)
rElec    +         Reflect  .   (no cloak)
rCorr    .         Harm     .   (no gloves)
MR       .....                  (no boots)
Stlth    ..........             (no amulet)
Regen    0.2/turn               (no ring)
                                (no ring)

@: very slightly contaminated, invisible
A: negative energy resistance 1, electricity resistance, unbreathing,
petrification resistance, rot immunity, AC +4
a: no special abilities


You were on level 3 of the Dungeon.
You were very hungry.

You visited 1 branch of the dungeon, and saw 3 of its levels.

You collected 99 gold pieces.

Inventory:

Hand Weapons
 a - a +0 flail (weapon)
Armour
 b - a +0 scale mail (worn)
 c - a +0 shield (worn)
Jewellery
 r - an uncursed ring of fire {unknown}
Scrolls
 e - 5 scrolls of remove curse {unknown}
 h - 8 scrolls of identify {unknown}
 i - a scroll of magic mapping {unknown}
 k - a scroll of fog {unknown}
 o - a scroll of fear {unknown}
 p - a scroll of teleportation {unknown}
 q - 2 scrolls of enchant weapon {unknown}
Potions
 d - a potion of might
 j - a potion of agility {unknown}
 l - a potion of mutation {unknown}
 m - a potion of degeneration {unknown}
 n - a potion of brilliance {unknown}
 s - 2 potions of curing {unknown}
Comestibles
 f - 4 bread rations
 g - 2 meat rations
 t - 3 inedible chunks of flesh


   Skills:
 + Level 3.7 Fighting
 + Level 3.7 Maces & Flails
 + Level 4.0 Armour
 + Level 1.1 Dodging
 + Level 0.2 Stealth
 + Level 4.2 Shields


You had 4 spell levels left.
You didn't know any spells.

Dungeon Overview and Level Annotations

Branches:
Dungeon (3/15)

Altars:

Annotations:
D:3 Camoybot's ghost, amateur DsCK


Innate Abilities, Weirdness & Mutations

You are resistant to torment.
Your stone body is resilient. (AC +4)
You are immune to poison.
You resist negative energy. (rN+)
You are resistant to electric shocks. (rElec)
You can survive without breathing.
You are immune to petrification.
You are immune to rotting.


Message History

Camoybot's ghost hits you but does no damage.
You fade into invisibility!
You are very lightly contaminated with residual magic.
You hit Camoybot's ghost but do no damage.
Camoybot's ghost is moderately damaged.
Camoybot's ghost hits you.
Your shield and scale mail prevent you from hitting Camoybot's ghost.
Camoybot's ghost is lightly damaged.
You block Camoybot's ghost's attack. x2
Your shield prevents you from hitting Camoybot's ghost.
Camoybot's ghost is lightly damaged.
Camoybot's ghost hits you but does no damage.
You catch the helpless Camoybot's ghost completely off-guard!
You hit Camoybot's ghost.
Camoybot's ghost is moderately damaged.
Your shield prevents you from hitting Camoybot's ghost.
Camoybot's ghost is moderately damaged.
Camoybot's ghost hits you. Space warps horribly around you!
Ouch! That really hurt!
You die...

....#.#.# .#......# ....#.#.###
.# #......#### ..#.......# .# #
#.......... ..###.######## .#
#.#...)...... .............# .#
#.#.......... .......#####'####.#
#........#### .........##.......#
##.......# .....†...##.......#
#.......##
#'###....##.....@.#####.......#
#.# #....##....W..#...........#
#.# #....##.......#....#......###
#.# #....##.......#....#......)..
#.# #....##.......#....#.........
#.# #....##.....÷.#....#.........
#.###....##.......+....'.........
#............##'#.#....#.........
####.........#.#......#.........


You could see Camoybot's ghost.

Vanquished Creatures
  An ice beast (D:3)
  3 adders (D:3)
  2 dart slugs (D:2)
  3 leopard geckos
  2 giant cockroaches
  4 goblins
  11 hobgoblins
  8 kobolds
  A ball python (D:1)
  5 bats
  2 frilled lizards (D:1)
  4 rats
46 creatures vanquished.

Notes
Turn   | Place    | Note
-------+----------+-------------------------------------------
     0 | D:1      | polly the Gargoyle Fighter began the quest for the Orb.
     0 | D:1      | Reached XP level 1. HP: 14/14 MP: 1/1
   151 | D:1      | Reached XP level 2. HP: 16/19 MP: 2/2
   774 | D:2      | Reached XP level 3. HP: 23/23 MP: 3/3
  1196 | D:3      | Reached XP level 4. HP: 28/28 MP: 4/4
  1281 | D:3      | Reached skill level 1 in Dodging
  1386 | D:3      | Noticed an ice beast
  1399 | D:3      | Killed an ice beast
  1399 | D:3      | Reached XP level 5. HP: 19/33 MP: 5/5
  1468 | D:3      | Noticed Camoybot's ghost (amateur DsCK)
  1483 | D:3      | Slain by Camoybot's ghost

Vault maps used:
D:1:      minmay_arrival_split_and_join
D:3:      first_bread

Skill      XL: |  1  2  3  4 |
---------------+-------------+-----
Maces & Flails | 3 |  3.7
Dodging        | 1 |  1.1
Armour         | 4 |  4.0
Shields        | 4 |  4.2
Fighting       | |  3.7
Stealth        | |  0.2

Action                   |  1- 3 |  4- 6 || total
-------------------------+-------+-------++-------
Melee: Flail             |   100 |    71 ||   171
 Stab: Invisible         |       |     1 ||     1
  Eat: Chunk             |     1 |       ||     1
Armor: Scale mail        |    63 |    40 ||   103
Dodge: Dodged            |    43 |    20 ||    63
Block: Shield            |    61 |    37 ||    98
